[Event "M.Chigorin Memorial 2013"]
[Site "St. Petersburg"]
[Date "2013.10.07"]
[Round "3.2"]
[White "Areshchenko, Alexander"]
[Black "Bernadskiy, Vitaliy"]
[Result "1-0"]
[ECO "B12"]
[WhiteElo "2714"]
[BlackElo "2527"]
[PlyCount "119"]
[EventDate "2013.10.05"]
[TimeControl "6000+2035"]
[WhiteClock "0:08:09"]
[BlackClock "0:25:44"]

1. e4 c6 2. d4 d5 3. e5 c5 4. dxc5 Nc6 5. Nf3 Bg4 6. c3 e6 7. b4 Nge7 8. Nbd2
a5 9. Bb5 g6 10. h3 Bxf3 11. Nxf3 Bg7 12. O-O O-O 13. Qe1 Qc7 14. Bf4 axb4 15.
cxb4 Ra3 16. Bxc6 Nxc6 17. Kh1 Rfa8 18. Qd2 R8a4 19. Rfb1 b6 20. b5 Na5 21.
cxb6 Qxb6 22. Be3 Qb7 23. Bd4 Nc4 24. Qe2 Bf8 25. Rb3 Rxb3 26. axb3 Rxa1+ 27.
Bxa1 Na3 28. Nd4 Bc5 29. Qd3 Bxd4 30. Bxd4 Qxb5 31. Qc3 Qb8 32. Qc6 Nb5 33. Bb6
d4 34. Qxb5 d3 35. Qxd3 Qxb6 36. Kg1 Qa5 37. Qd4 Qe1+ 38. Kh2 Kg7 39. b4 Qe2
40. Qc5 Qe4 41. b5 h5 42. b6 h4 43. Qc3 Qb1 44. Qc5 Qe4 45. g3 hxg3+ 46. Kxg3
Qb1 47. h4 Qg1+ 48. Kf4 Qh2+ 49. Ke3 Qh3+ 50. Kd2 Qxh4 51. Kc3 Qe4 52. Qc7 Qe1+
53. Kb3 Qb1+ 54. Ka4 Qa2+ 55. Kb5 Qb3+ 56. Ka6 Qa2+ 57. Kb7 Qxf2 58. Kc8 Qa2
59. b7 Qa6 60. Kd8 1-0

[Event "M.Chigorin Memorial 2013"]
[Site "St. Petersburg"]
[Date "2013.10.07"]
[Round "3.3"]
[White "Akopian, Vladimir"]
[Black "Sivuk, Vitaly"]
[Result "1-0"]
[ECO "B07"]
[WhiteElo "2684"]
[BlackElo "2517"]
[PlyCount "85"]
[EventDate "2013.10.05"]
[TimeControl "6000+1105"]
[WhiteClock "0:28:55"]
[BlackClock "0:23:42"]

1. e4 d6 2. d4 Nf6 3. Nc3 Nbd7 4. Nf3 e5 5. Bc4 Be7 6. O-O O-O 7. h3 a6 8. a4
h6 9. Qe2 c6 10. Ba2 Rb8 11. Rd1 Qc7 12. a5 exd4 13. Nxd4 Ne5 14. Be3 c5 15.
Nf3 Ng6 16. Nd5 Nxd5 17. Bxd5 Be6 18. Qc4 Bxd5 19. Rxd5 Bf6 20. Rad1 Qxa5 21.
Rxd6 Qb4 22. Qxb4 cxb4 23. Bd4 Bxd4 24. R1xd4 Rfc8 25. Rxb4 Rxc2 26. Rxa6 Nf4
27. Rd6 Ne6 28. Rd2 Rc1+ 29. Kh2 Nc5 30. Ng1 Re8 31. f3 Re7 32. Ne2 Ra1 33. Nc3
Ra7 34. Rd8+ Kh7 35. Nd5 Rd7 36. Rc8 Ne6 37. h4 h5 38. Kg3 Ra1 39. Rb8 Nd8 40.
Rb5 Rd6 41. Ne3 g6 42. Rd5 Rxd5 43. exd5 1-0

[Event "M.Chigorin Memorial 2013"]
[Site "St. Petersburg"]
[Date "2013.10.07"]
[Round "3.4"]
[White "Oparin, Grigoriy"]
[Black "Zhigalko, Sergei"]
[Result "1/2-1/2"]
[ECO "B92"]
[WhiteElo "2526"]
[BlackElo "2683"]
[PlyCount "88"]
[EventDate "2013.10.05"]
[TimeControl "6000+1500"]
[WhiteClock "0:15:01"]
[BlackClock "0:32:44"]

1. e4 c5 2. Nf3 d6 3. d4 cxd4 4. Nxd4 Nf6 5. Nc3 a6 6. Be2 e5 7. Nb3 Be7 8. O-O
O-O 9. Re1 Be6 10. Bf3 Nbd7 11. a4 Rc8 12. Nd2 Re8 13. Nf1 Rc4 14. Bd2 Qc7 15.
Ne3 Rd4 16. Ne2 Rxe4 17. Bxe4 Nxe4 18. c4 Ndc5 19. Ra3 Qb6 20. b4 Nxd2 21. Qxd2
Ne4 22. Qd3 f5 23. Rf1 Qxb4 24. Nd5 Qd2 25. Ng3 Qxd3 26. Rxd3 Nc5 27. Nxe7+
Rxe7 28. Rxd6 f4 29. Ne2 Nxa4 30. Rc1 Nc5 31. f3 Kf7 32. g3 g5 33. h4 g4 34.
fxg4 f3 35. Nc3 Bxc4 36. Nd1 b5 37. Ne3 Ne4 38. Rh6 Kg8 39. Rd1 Rf7 40. Rxa6
f2+ 41. Kg2 Be2 42. Rc1 Nd2 43. Ra2 Bf3+ 44. Kxf2 Bd5+ 1/2-1/2

[Event "M.Chigorin Memorial 2013"]
[Site "St. Petersburg"]
[Date "2013.10.07"]
[Round "3.5"]
[White "Matlakov, Maxim"]
[Black "Levin, Evgeny A"]
[Result "1-0"]
[ECO "E12"]
[WhiteElo "2682"]
[BlackElo "2512"]
[PlyCount "89"]
[EventDate "2013.10.05"]
[TimeControl "6000+1230"]
[WhiteClock "0:30:55"]
[BlackClock "0:23:58"]

1. d4 Nf6 2. c4 e6 3. Nf3 b6 4. a3 c5 5. d5 Ba6 6. Qb3 exd5 7. cxd5 d6 8. Nc3
Be7 9. g3 O-O 10. Bg2 Re8 11. O-O Nbd7 12. Re1 Bf8 13. Bf4 Nh5 14. Bg5 Be7 15.
Bxe7 Qxe7 16. e4 Nhf6 17. Rad1 Qd8 18. h3 b5 19. Bf1 Rb8 20. Qc2 b4 21. Bxa6
bxc3 22. bxc3 Qa5 23. Bd3 c4 24. Bf1 Qxa3 25. Nd4 Nc5 26. Ra1 Qb2 27. Qxb2 Rxb2
28. f3 Nd3 29. Re2 g6 30. Rxb2 Nxb2 31. Nb5 Rb8 32. Nxd6 Rb3 33. Bxc4 Rxc3 34.
Be2 Rc2 35. Kf2 Nd3+ 36. Ke3 Nb4 37. Rxa7 Nfxd5+ 38. exd5 Nxd5+ 39. Kd4 Rd2+
40. Kc5 Ne3 41. Bb5 Rg2 42. g4 Rh2 43. Nxf7 Rxh3 44. Ng5 Rh1 45. Kd4 1-0

[Event "M.Chigorin Memorial 2013"]
[Site "St. Petersburg"]
[Date "2013.10.07"]
[Round "3.6"]
[White "Khismatullin, Denis"]
[Black "Popilski, Gil"]
[Result "1-0"]
[ECO "A04"]
[WhiteElo "2656"]
[BlackElo "2486"]
[PlyCount "47"]
[EventDate "2013.10.05"]
[TimeControl "5400+855"]
[WhiteClock "0:13:34"]
[BlackClock "0:03:38"]

1. Nf3 c5 2. b3 Nf6 3. Bb2 e6 4. e3 d5 5. c4 Bd6 6. g4 h6 7. Rg1 e5 8. Nxe5 Qe7
9. f4 Nbd7 10. Nd3 Ne4 11. Qf3 dxc4 12. bxc4 Qh4+ 13. Nf2 Ndf6 14. h3 O-O 15.
d3 Re8 16. dxe4 Nxe4 17. Ke2 Nxf2 18. Qxf2 Qe7 19. Nc3 b5 20. Bg2 Be6 21. Bxa8
Bxc4+ 22. Kf3 Rxa8 23. e4 Re8 24. Rge1 1-0

[Event "M.Chigorin Memorial 2013"]
[Site "St. Petersburg"]
[Date "2013.10.07"]
[Round "3.7"]
[White "Antipov, Mikhail Al"]
[Black "Romanov, Evgeny"]
[Result "1/2-1/2"]
[ECO "C65"]
[WhiteElo "2515"]
[BlackElo "2654"]
[PlyCount "80"]
[EventDate "2013.10.05"]
[TimeControl "6000+770"]
[WhiteClock "0:58:57"]
[BlackClock "0:01:40"]

1. e4 e5 2. Nf3 Nc6 3. Bb5 Nf6 4. d3 d6 5. O-O Be7 6. c3 O-O 7. Re1 a6 8. Ba4
b5 9. Bc2 Nb8 10. d4 Nbd7 11. Nbd2 Bb7 12. Nf1 Re8 13. Ng3 Bf8 14. Bg5 h6 15.
Bd2 g6 16. Qc1 h5 17. Bh6 Nh7 18. h4 c5 19. Bxf8 Nhxf8 20. d5 Nh7 21. Nf1 c4
22. b3 cxb3 23. axb3 Qc7 24. Re3 a5 25. Bd3 Nc5 26. Qb1 b4 27. Bb5 Reb8 28.
cxb4 axb4 29. Rxa8 Rxa8 30. Ne1 Nf6 31. f3 Qa5 32. Be2 Qa2 33. Qxa2 Rxa2 34.
Bc4 Nfd7 35. Nd3 Nxd3 36. Rxd3 Nc5 37. Rd2 Rxd2 38. Nxd2 f5 39. Kf2 Kf7 40. Ke3
Kf6 1/2-1/2

[Event "M.Chigorin Memorial 2013"]
[Site "St. Petersburg"]
[Date "2013.10.07"]
[Round "3.8"]
[White "Can, Emre"]
[Black "Kovalenko, Igor"]
[Result "1/2-1/2"]
[ECO "E15"]
[WhiteElo "2513"]
[BlackElo "2644"]
[PlyCount "80"]
[EventDate "2013.10.05"]
[TimeControl "6000+1160"]
[WhiteClock "1:00:21"]
[BlackClock "1:32:11"]

1. d4 Nf6 2. c4 e6 3. Nf3 b6 4. g3 Bb4+ 5. Nbd2 Bb7 6. Bg2 O-O 7. O-O a5 8. Qc2
c5 9. Rd1 cxd4 10. Nxd4 Bxg2 11. Kxg2 d5 12. N2f3 Qc8 13. cxd5 Qxc2 14. Nxc2
Nxd5 15. Nxb4 axb4 16. Ne5 Rc8 17. Bd2 Na6 18. Nd3 f5 19. Rac1 h6 20. f3 Rxc1
21. Rxc1 Nc5 22. Nxb4 Nxb4 23. Bxb4 Rxa2 24. Bc3 Ra7 25. Bd4 Rb7 26. Bxc5 bxc5
27. Rxc5 Rxb2 28. Re5 Kf7 29. h4 Kf6 30. f4 g5 31. hxg5+ hxg5 32. Kf2 Rb4 33.
Kf3 Rb3+ 34. Kf2 Rb6 35. Ra5 Rb4 36. Kf3 Rb3+ 37. Kf2 Rb4 38. Kf3 Rb3+ 39. Kf2
Rb6 40. Ra8 gxf4 1/2-1/2

[Event "M.Chigorin Memorial 2013"]
[Site "St. Petersburg"]
[Date "2013.10.07"]
[Round "3.9"]
[White "Sjugirov, Sanan"]
[Black "Baron, Tal"]
[Result "1/2-1/2"]
[ECO "C92"]
[WhiteElo "2635"]
[BlackElo "2473"]
[PlyCount "86"]
[EventDate "2013.10.05"]
[TimeControl "6000+1780"]
[WhiteClock "0:32:23"]
[BlackClock "0:46:13"]

1. e4 e5 2. Nf3 Nc6 3. Bb5 a6 4. Ba4 Nf6 5. O-O Be7 6. Re1 b5 7. Bb3 d6 8. c3
O-O 9. h3 Bb7 10. d4 Nd7 11. a3 Na5 12. Ba2 c5 13. b4 cxb4 14. axb4 Nc4 15.
Nbd2 Ncb6 16. Nb3 Nc4 17. Nbd2 Ncb6 18. Nb3 Nc4 19. Nfd2 Ndb6 20. Nxc4 Nxc4 21.
Nd2 Nb6 22. Nf3 Qc7 23. Qd3 Kh8 24. Bd2 Rae8 25. Bb3 f5 26. exf5 e4 27. Rxe4
Bxe4 28. Qxe4 Bg5 29. Be6 Bxd2 30. Nxd2 Qxc3 31. Rxa6 Qxd2 32. Rxb6 Qxb4 33.
Rb7 Rb8 34. Ra7 Qd2 35. Qg4 Qh6 36. Qg3 Rb6 37. Qc3 b4 38. Qc7 b3 39. Qxb6 Qc1+
40. Kh2 Qf4+ 41. Kg1 Qc1+ 42. Kh2 Qf4+ 43. Kg1 Qc1+ 1/2-1/2

[Event "M.Chigorin Memorial 2013"]
[Site "St. Petersburg"]
[Date "2013.10.07"]
[Round "3.10"]
[White "Volkov, Sergey"]
[Black "Givon, Asaf"]
[Result "0-1"]
[ECO "D97"]
[WhiteElo "2628"]
[BlackElo "2445"]
[PlyCount "160"]
[EventDate "2013.10.05"]
[TimeControl "6000+1625"]
[WhiteClock "0:05:22"]
[BlackClock "0:03:13"]

1. d4 Nf6 2. c4 g6 3. Nc3 d5 4. Nf3 Bg7 5. Qb3 dxc4 6. Qxc4 O-O 7. e4 a6 8. Be2
b5 9. Qb3 c5 10. dxc5 Be6 11. Qc2 Nbd7 12. Be3 Rc8 13. Rd1 b4 14. Nd5 Bxd5 15.
exd5 Nxc5 16. O-O Qd6 17. Rc1 Qb8 18. Bc4 Rfd8 19. Rfd1 a5 20. h3 Ncd7 21. d6
exd6 22. Bf4 Qb7 23. Qe2 Re8 24. Qf1 Nc5 25. Bxd6 Nfe4 26. Bd5 Qa7 27. Bxc5
Rxc5 28. Bxe4 Rxc1 29. Rxc1 Rxe4 30. Rc8+ Bf8 31. Qd3 Qe7 32. b3 Re2 33. Rc2
Rxc2 34. Qxc2 Qf6 35. h4 Bd6 36. Kf1 Kg7 37. Qd2 Bc5 38. Qe1 Bd4 39. Qe4 Qa6+
40. Qe2 Qb6 41. g3 Qc6 42. Qd3 Bc3 43. Qd1 h6 44. Kg1 Qe6 45. Qc2 Qd5 46. Nh2
Bd4 47. Qe2 Qc6 48. h5 Qc5 49. hxg6 fxg6 50. Nf3 Bf6 51. Ne1 h5 52. Nd3 Qf5 53.
Kg2 Qd5+ 54. Qf3 Qd4 55. Nf4 Kh6 56. Qc6 Qe5 57. Qc2 Qf5 58. Qxf5 gxf5 59. Kf3
Bd4 60. Ke2 Bb6 61. Nd5 Bc5 62. f4 Kg6 63. Ne3 Bb6 64. Kd3 Ba7 65. Nf1 Kf6 66.
Kc4 Ke6 67. Kb5 Kd5 68. Kxa5 Ke4 69. Kxb4 Kd3 70. a4 Ke2 71. a5 Kxf1 72. Kc4
Kg2 73. b4 Kxg3 74. b5 Bf2 75. b6 h4 76. Kb5 h3 77. Ka6 h2 78. b7 h1=Q 79. b8=Q
Qc6+ 80. Qb6 Bxb6 0-1

[Event "M.Chigorin Memorial 2013"]
[Site "St. Petersburg"]
[Date "2013.10.07"]
[Round "3.11"]
[White "Shinkevich, Vitaly"]
[Black "Korneev, Oleg"]
[Result "0-1"]
[ECO "D43"]
[WhiteElo "2489"]
[BlackElo "2622"]
[PlyCount "58"]
[EventDate "2013.10.05"]
[TimeControl "6000+2005"]
[WhiteClock "0:00:32"]
[BlackClock "0:03:50"]

1. d4 Nf6 2. Nf3 d5 3. c4 e6 4. Nc3 c6 5. g3 dxc4 6. Bg2 b5 7. O-O Bb7 8. Ne5
Nd5 9. a4 a6 10. Ne4 f6 11. Nf3 Nd7 12. Bh3 Bb4 13. Bxe6 Qe7 14. Bxd7+ Kxd7 15.
Nc5+ Bxc5 16. dxc5 Rae8 17. Re1 Kc8 18. axb5 cxb5 19. Nd4 Qxc5 20. e4 Nc7 21.
Bf4 g5 22. b4 Qb6 23. Qg4+ Kb8 24. Bxc7+ Qxc7 25. Nf5 Qe5 26. Rad1 Rd8 27.
Rxd8+ Rxd8 28. Rd1 Rd3 29. Re1 c3 0-1

[Event "M.Chigorin Memorial 2013"]
[Site "St. Petersburg"]
[Date "2013.10.07"]
[Round "3.12"]
[White "Raznikov, Danny"]
[Black "Ponkratov, Pavel"]
[Result "1/2-1/2"]
[ECO "A65"]
[WhiteElo "2486"]
[BlackElo "2618"]
[PlyCount "115"]
[EventDate "2013.10.05"]
[TimeControl "6000+1295"]
[WhiteClock "0:25:02"]
[BlackClock "1:27:07"]

1. d4 Nf6 2. c4 e6 3. Nc3 c5 4. d5 exd5 5. cxd5 d6 6. e4 g6 7. Bd3 Bg7 8. h3
O-O 9. Nf3 b5 10. Bxb5 Nxe4 11. Nxe4 Qa5+ 12. Nfd2 Qxb5 13. Nxd6 Qa6 14. N2c4
Nd7 15. O-O Ne5 16. Nxe5 Bxe5 17. Nxc8 Raxc8 18. Qf3 Rfd8 19. Re1 Qf6 20. Qg4
h5 21. Qc4 Qf5 22. Be3 Rxd5 23. Rab1 Bd4 24. b3 Bxe3 25. fxe3 Qg5 26. Rb2 Re8
27. Rf2 Re7 28. Qf4 Qxf4 29. Rxf4 Rd2 30. Rf2 Rd3 31. Rc2 Re5 32. Rec1 Rexe3
33. Rxc5 Rd2 34. R5c2 Re1+ 35. Kh2 Ree2 36. Rxd2 Rxd2 37. a4 Rb2 38. Rc7 a5 39.
Ra7 Rxb3 40. Rxa5 h4 41. Rg5 Kg7 42. Rg4 Ra3 43. Rxh4 f5 44. Rb4 g5 45. g4 f4
46. Rb5 Kf6 47. a5 Ra2+ 48. Kg1 f3 49. Rf5+ Kg6 50. Kf1 Kh6 51. Rb5 Kg6 52.
Rb6+ Kg7 53. a6 Kh7 54. Rb7+ Kg6 55. a7 Kf6 56. Rb3 Rxa7 57. Rxf3+ Kg6 58. Kg2
1/2-1/2